Map: Triton LE

Players

TIME (Oliveira) - Winner!

  • Race: Terran Terran
  • League: Master
  • Spawn Location: 5:00

Lambo

  • Race: Zerg Zerg
  • Spawn Location: 11:00

Event: NationWars 2019

VOD

Have the link to the VOD?

Description

Time

  • Played on: Nov. 13, 2019, 4:20 p.m.
  • Length: 16:27
Show
View Real Time Build Order
Export as new Build Order

TIME Terran - Winner!

Build Orders: Liberator Opening, Reaper Expand 

Get SALT Encoding   

  12  0:02  SCV  
  13  0:14  SCV  
  13  0:19  Supply Depot  
  14  0:26  SCV  
  15  0:40  SCV  
  15  0:42  Barracks  
  16  0:46  Refinery  
  16  0:52  SCV  
  17  1:04  SCV  
  18  1:16  SCV  
  19  1:29  Orbital Command, Reaper  
  20  1:40  Command Center  
  20  1:48  Supply Depot  
  20  1:55  SCV  
  20  2:01  Marine  
  21  2:07  SCV  
  23  2:11  Factory  
  23  2:12  Refinery  
  23  2:19  SCV  
  24  2:23  Barracks Reactor  
  24  2:31  SCV  
  25  2:43  SCV  
  26  2:53  Orbital Command  
  26  2:55  SCV  
  27  2:59  Starport  
  31  3:05  Hellion x2  
  31  3:07  SCV  
  31  3:10  Marine  
  33  3:19  SCV x2  
  35  3:20  Liberator  
  35  3:22  Supply Depot  
  37  3:27  Hellion x2  
  37  3:31  Marine, SCV  
  37  3:32  SCV  
  45  3:43  SCV  
  45  3:44  SCV  
  45  3:47  Supply Depot  
  47  3:52  Hellion x2  
  51  3:55  SCV  
  51  3:56  SCV, Barracks Tech Lab  
  53  4:05  Liberator  
  53  4:08  SCV x2  
  55  4:11  Armory  
  55  4:12  Supply Depot  
  55  4:13  Hellion  
  57  4:20  SCV x2  
  62  4:34  Marine, SCV x2  
  62  4:35  Stimpack  
  65  4:39  Command Center  
  65  4:44  Supply Depot  
  65  4:46  SCV, Factory Tech Lab  
  65  4:50  Barracks  
  65  4:52  Marine, SCV  
  68  4:53  Barracks  
  68  4:58  SCV  
  69  5:05  SCV  
  69  5:06  Siege Tank  
  73  5:07  Starport Reactor  
  73  5:10  SCV  
  73  5:13  Engineering Bay x2  
  74  5:16  Hellion x6  
  73  5:24  SCV  
  73  5:28  SCV  
  70  5:36  Refinery x2, SCV  
  70  5:40  Siege Tank, Marine, SCV  
  76  5:43  Marine x2  
  78  5:51  SCV  
  78  5:52  Barracks  
  78  5:53  Starport Reactor  
  78  5:54  Marine x2, Orbital Command, Barracks  
  81  5:58  Marine  
  81  6:00  Terran Infantry Weapons Level 1  
  81  6:02  Marine, SCV  
  84  6:05  Marine  
  84  6:11  SCV  
  86  6:12  Marine  
  86  6:14  Combat Shield, Supply Depot  
  86  6:18  Orbital Command, SCV  
  88  6:21  Marine x2  
  88  6:24  Marine  
  91  6:26  SCV, Supply Depot x2  
  91  6:30  SCV, Terran Infantry Armor Level 1  
  93  6:35  Medivac x2, Marine x2  
  93  6:39  Marine  
  100  6:40  Marine  
  100  6:41  Command Center  
  101  6:47  Marine, SCV x2  
  101  6:50  SCV  
  101  6:51  Barracks Reactor x2  
  105  6:57  Siege Tank, Supply Depot  
  105  6:59  SCV x2  
  110  7:02  SCV, Supply Depot  
  110  7:04  Marine x2  
  110  7:08  Marine  
  114  7:10  Medivac  
  114  7:11  SCV  
  117  7:18  Refinery x2  
  117  7:19  SCV x2  
  117  7:20  Marine, Supply Depot  
  117  7:21  Supply Depot x2  
  120  7:24  SCV  
  120  7:29  Marine, Supply Depot  
  122  7:31  SCV x2  
  122  7:34  Marine x2  
  122  7:35  Marine x3  
  122  7:37  SCV  
  129  7:40  Siege Tank  
  129  7:41  Factory  
  129  7:42  Medivac  
  129  7:43  SCV  
  135  7:45  Marine x2, SCV  
  135  7:47  Marine x2  
  135  7:49  Medivac  
  142  7:52  Marine, SCV  
  142  7:55  SCV  
  142  7:57  Marine x2  
  147  8:00  SCV  
  147  8:01  Marine  
  147  8:02  Marine, Terran Infantry Weapons Level 2  
  147  8:03  Terran Vehicle Weapons Level 1  
  147  8:04  Marine, SCV, Supply Depot  
  149  8:13  Marine x2  
  149  8:14  Siege Tank  
  149  8:15  Marine x2  
  149  8:17  SCV  
  149  8:19  Marine x2, SCV  
  158  8:23  Marine x2  
  158  8:24  Medivac x2  
  165  8:29  Marine  
  165  8:32  Factory Tech Lab  
  166  8:37  Marine x6  
  166  8:40  SCV, Supply Depot x2  
  166  8:41  Marine x2  
  173  8:46  Siege Tank  
  173  8:47  Marine, SCV  
  173  8:48  Liberator  
  177  8:55  Planetary Fortress, Marine x4  
  177  8:57  SCV  
  177  8:59  Siege Tank  
  177  9:01  Marine x3  
  187  9:04  Marine x2  
  192  9:13  Marine x2  
  192  9:15  Barracks  
  194  9:17  Marine  
  194  9:18  Siege Tank, Barracks  
  194  9:21  Marine  
  194  9:22  Marine  
  200  9:32  Barracks  
  200  9:41  Terran Infantry Armor Level 2  
  199  10:05  Marine  
  165  10:11  Marine x4  
  165  10:12  Marine x5  
  165  10:13  Siege Tank  
  167  10:14  Medivac x2, Siege Tank  
  167  10:17  Command Center  
  167  10:19  Command Center  
  167  10:21  Marine  
  172  10:23  Marine  
  170  10:28  Terran Infantry Weapons Level 3  
  170  10:29  Marine x3, Terran Vehicle Weapons Level 2  
  170  10:33  Barracks Tech Lab x2  
  170  10:34  Barracks Tech Lab  
  171  10:37  Marine x4  
  171  10:38  Marine  
  171  10:41  Marine  
  177  10:47  Marine  
  177  10:49  Marine  
  157  10:50  Marine x2  
  157  10:51  Marine  
  157  10:52  Siege Tank  
  157  10:53  Siege Tank  
  157  10:55  Marine  
  155  10:58  Marine x2  
  155  10:59  Marauder  
  155  11:00  Marine x2  
  155  11:01  Marine  
  150  11:05  Medivac x2, Marine  
  150  11:07  Marine  
  150  11:08  Marine x2  
  150  11:09  Marine  
  143  11:13  Marine  
  143  11:16  Marine x2  
  143  11:18  Marine x2, SCV x4  
  140  11:20  Refinery x2, Marauder x2  
  140  11:22  Marine  
  140  11:25  Marine  
  147  11:26  Marine x2, Concussive Shells  
  147  11:27  Marauder  
  147  11:28  Fusion Core, Starport  
  147  11:29  Starport  
  147  11:30  SCV  
  147  11:31  Marine  
  147  11:32  SCV x2  
  155  11:34  Orbital Command  
  155  11:35  Marine  
  155  11:36  Marine x2  
  158  11:41  Siege Tank x2, Marauder x2  
  158  11:42  Marine x3  
  158  11:44  Marine x2  
  173  11:47  Marine  
  173  11:48  Marine  
  173  11:52  Medivac x2  
  173  11:53  Marine x2  
  173  11:54  Marine  
  182  11:59  Marine  
  180  12:05  Planetary Fortress  
  180  12:06  Liberator  
  180  12:07  Marine x2  
  180  12:08  Marauder  
  181  12:09  Marauder x3  
  181  12:11  Starport Reactor  
  187  12:17  Marine x2  
  187  12:20  Liberator  
  189  12:29  Marauder  
  194  12:31  Marauder  
  190  12:39  Liberator x2  
  190  12:40  Marauder x2  
  195  12:49  Marine, Starport Tech Lab  
  195  12:50  Marine  
  195  12:51  Marauder  
  199  12:57  Liberator x2  
  196  12:59  SCV x2  
  196  13:00  Marine x2, Marauder  
  196  13:01  Marine  
  196  13:02  Marine, Marauder, Terran Infantry Armor Level 3  
  196  13:04  Terran Vehicle And Ship Armor Level 1  
  165  13:15  Advanced Ballistics  
  165  13:19  Marine x3, Marauder  
  168  13:20  Marauder, Marine x3, Liberator  
  168  13:22  Marauder  
  168  13:23  Marauder  
  168  13:25  Refinery x2  
  168  13:26  Marine x2  
  176  13:28  Siege Tank  
  175  13:37  Marine x2  
  175  13:38  SCV  
  175  13:39  SCV  
  175  13:40  Marine x3  
  175  13:41  Marauder x2  
  164  13:42  SCV x2  
  164  13:43  Marauder  
  164  13:45  Marauder, Marine  
  164  13:46  Marine  
  164  13:47  Siege Tank  
  173  13:48  Marine  
  173  13:50  SCV x2  
  173  13:53  Command Center  
  173  13:55  Marine x2, Liberator  
  178  13:56  Liberator x2  
  178  13:57  Liberator  
  178  14:02  Marauder x2  
  182  14:09  Marine x3  
  187  14:10  Marauder  
  199  14:25  Marine  
  200  14:37  Supply Depot  
  200  14:42  Command Center  
  200  14:44  Liberator x2, Ghost Academy  
  200  14:45  Command Center, Liberator  
  200  14:51  Marine x2  
  200  14:52  Marauder  
  185  15:03  Marine x2  
  185  15:04  Marine, Marauder  
  199  15:12  Marine  
  200  15:15  Marine, Marauder  
  192  15:24  Marine x2, Marauder  
  192  15:25  SCV  
  196  15:32  SCV  
  195  15:37  Marine  
  199  15:44  SCV  
  199  15:46  Marine  
  197  15:50  Marine  
  197  15:51  Marine  
  197  15:55  Marine x2  
  197  15:56  Marauder  
  187  16:05  Unknown  
  187  16:06  Unknown  
Show
View Real Time Build Order
Export as new Build Order

Lambo Zerg 

Build Orders: Hatch First 

Get SALT Encoding   

  12  0:01  Drone  
  13  0:13  Drone  
  14  0:17  Overlord  
  14  0:22  Extractor  
  14  0:23  Drone  
  15  0:36  Drone  
  16  0:48  Hatchery  
  15  0:51  Drone  
  15  0:56  Drone  
  17  0:59  Drone  
  18  1:10  Extractor  
  17  1:14  Spawning Pool  
  17  1:16  Drone  
  17  1:20  Drone  
  18  1:29  Drone  
  19  1:40  Drone  
  20  1:50  Overlord  
  20  2:00  Queen  
  20  2:01  Zergling x4, Queen  
  26  2:11  Drone  
  26  2:12  Drone  
  28  2:22  Drone x2  
  30  2:32  Hatchery  
  30  2:35  Drone  
  30  2:36  Pneumatized Carapace  
  30  2:43  Metabolic Boost  
  30  2:47  Drone  
  30  2:49  Drone  
  32  2:53  Overlord  
  32  2:57  Drone x2  
  34  3:04  Queen  
  36  3:12  Drone x2  
  38  3:13  Drone x2  
  38  3:19  Queen  
  42  3:23  Overlord  
  42  3:25  Drone  
  42  3:26  Drone  
  44  3:41  Queen  
  44  3:42  Baneling Nest  
  44  3:44  Drone x3  
  44  3:45  Drone x3  
  51  3:49  Drone x2  
  53  3:56  Overlord  
  53  4:01  Queen, Drone x2  
  57  4:06  Overlord  
  57  4:12  Overlord  
  57  4:16  Zergling x2  
  58  4:23  Overlord  
  58  4:24  Queen  
  58  4:25  Drone  
  58  4:26  Spore Crawler, Drone x4  
  58  4:30  Spore Crawler, Overlord  
  63  4:34  Drone  
  65  4:38  Zergling x4  
  65  4:43  Zergling x2  
  65  4:44  Drone  
  68  4:48  Drone  
  68  4:49  Overlord  
  69  4:53  Drone x2  
  69  4:54  Drone  
  69  4:55  Drone  
  69  4:56  Baneling x2  
  69  4:58  Zergling x2  
  69  4:59  Drone x3  
  77  5:00  Lair  
  77  5:01  Drone  
  78  5:07  Extractor x2  
  76  5:20  Zergling x14  
  81  5:21  Drone  
  81  5:26  Baneling  
  81  5:27  Baneling x2  
  81  5:30  Drone x2  
  81  5:31  Drone x2  
  85  5:36  Overlord  
  85  5:40  Drone  
  85  5:41  Drone x4  
  88  5:42  Drone  
  88  5:44  Drone x2  
  88  5:46  Extractor  
  88  5:47  Evolution Chamber, Extractor  
  88  5:48  Evolution Chamber  
  86  5:52  Drone x2  
  88  5:59  Drone  
  88  6:01  Centrifical Hooks  
  88  6:02  Extractor  
  88  6:05  Drone x3  
  88  6:10  Hatchery  
  90  6:13  Drone x2  
  90  6:17  Zerg Melee Weapons Level 1  
  92  6:18  Zergling x6  
  92  6:24  Zerg Ground Armor Level 1  
  95  6:25  Drone  
  95  6:26  Drone x2  
  95  6:29  Overlord  
  98  6:32  Overlord  
  98  6:34  Overlord  
  98  6:35  Overlord  
  98  6:36  Overlord  
  98  6:42  Hydralisk Den  
  98  6:44  Overlord  
  97  6:49  Drone x6  
  97  6:51  Baneling x6  
  103  6:57  Zergling x12  
  103  6:58  Baneling  
  103  6:59  Baneling x2  
  109  7:05  Drone x3  
  112  7:11  Zergling x6  
  112  7:13  Baneling x6  
  115  7:17  Zergling x6  
  115  7:20  Drone x3  
  115  7:22  Drone x3  
  124  7:24  Drone x2  
  124  7:26  Queen  
  124  7:27  Drone  
  124  7:28  Infestation Pit  
  128  7:33  Drone x2  
  128  7:35  Drone  
  127  7:39  Drone  
  127  7:41  Extractor  
  127  7:43  Zergling x6  
  127  7:44  Zergling x4  
  132  7:49  Hatchery  
  131  7:54  Overlord  
  131  7:56  Zergling x12  
  137  8:04  Zergling x10  
  141  8:09  Zergling x4  
  143  8:13  Zerg Melee Weapons Level 2  
  143  8:17  Zergling x12, Hive  
  144  8:22  Muscular Augments  
  144  8:23  Zerg Ground Armor Level 2  
  144  8:24  Overlord  
  144  8:26  Overlord  
  144  8:28  Overlord  
  144  8:31  Hydralisk x4  
  152  8:35  Baneling x5  
  152  8:36  Overlord  
  152  8:39  Overlord x2  
  152  8:43  Overlord  
  152  8:47  Overlord  
  140  8:49  Zergling x18  
  140  8:55  Hydralisk x5  
  146  8:56  Hydralisk  
  158  9:04  Hydralisk x2  
  158  9:05  Zergling x6  
  158  9:08  Drone x3  
  168  9:16  Drone x4  
  172  9:19  Hydralisk x2  
  172  9:20  Hydralisk x2  
  179  9:32  Adrenal Glands  
  179  9:33  Grooved Spines  
  179  9:34  Hydralisk x4, Ultralisk Cavern  
  179  9:35  Zergling x12  
  192  9:38  Baneling x19  
  192  9:40  Zergling x6  
  192  9:44  Zergling x4  
  197  9:47  Baneling x7  
  197  9:52  Zergling x6  
  199  10:01  Zergling x12  
  199  10:05  Zergling x10  
  199  10:06  Zergling x10  
  171  10:13  Zergling x4  
  147  10:20  Zergling x10  
  149  10:22  Baneling x15, Chitinous Plating  
  149  10:25  Zergling x8  
  150  10:33  Zergling x10  
  150  10:35  Baneling x12  
  153  10:37  Hatchery  
  153  10:40  Zergling x6  
  153  10:42  Zergling x2  
  155  10:46  Zergling x6  
  155  10:48  Zergling x2  
  138  10:50  Zergling x2  
  138  10:54  Zergling x4  
  128  10:57  Zergling x2  
  128  10:59  Ultralisk x2  
  128  11:01  Zergling x4  
  128  11:03  Zergling x4  
  130  11:05  Zergling x4  
  124  11:11  Zergling x4  
  124  11:16  Ultralisk  
  124  11:17  Zergling x10  
  135  11:25  Viper  
  135  11:29  Baneling  
  135  11:30  Baneling x5  
  138  11:34  Zergling x16  
  138  11:35  Baneling x5  
  138  11:39  Baneling x3  
  146  11:41  Queen x2  
  146  11:45  Zergling x10  
  155  11:47  Zergling x2  
  155  11:53  Queen x2  
  159  11:57  Ultralisk  
  159  11:59  Zergling x4  
  157  12:06  Zerg Ground Armor Level 3  
  157  12:07  Zergling x2  
  157  12:08  Zergling x6  
  159  12:11  Zergling x8  
  159  12:12  Zergling x2  
  164  12:18  Viper  
  167  12:28  Zergling x22  
  178  12:32  Hatchery  
  178  12:34  Baneling x13  
  173  12:37  Zergling x6  
  173  12:38  Zergling x4  
  173  12:39  Zergling x2  
  173  12:41  Anabolic Synthesis  
  175  12:46  Zergling x8  
  172  12:54  Zergling x2  
  172  12:55  Zergling x6  
  170  12:59  Zergling x10  
  170  13:03  Zergling x2  
  179  13:05  Ultralisk  
  179  13:10  Zergling x4  
  153  13:13  Ultralisk, Zergling x8  
  153  13:19  Hydralisk x3, Zergling x2  
  161  13:24  Zergling x2  
  168  13:30  Zerg Melee Weapons Level 3  
  168  13:32  Zergling x4  
  164  13:35  Zergling x6  
  164  13:40  Ultralisk, Zergling x4  
  139  13:47  Zergling x16  
  144  13:51  Ultralisk  
  144  13:55  Viper  
  153  14:00  Zergling x8  
  157  14:04  Baneling x5  
  157  14:06  Baneling  
  157  14:07  Baneling  
  157  14:09  Zergling x8  
  161  14:17  Viper  
  161  14:19  Zergling x18  
  161  14:21  Baneling x2  
  161  14:22  Baneling x2, Hatchery  
  169  14:25  Zergling x6  
  171  14:33  Viper  
  171  14:36  Zergling x6  
  173  14:43  Zergling x12  
  167  14:47  Zergling x2  
  152  14:53  Hydralisk x5  
  164  15:02  Viper  
  164  15:06  Zergling x8  
  159  15:08  Baneling x4  
  159  15:09  Baneling x5  
  159  15:14  Zergling x2  
  156  15:15  Baneling x4  
  156  15:20  Zergling x6  
  157  15:32  Hydralisk x5  
  152  15:53  Hydralisk x4  
  154  15:59  Hydralisk x2  
Tags
 
Add a new tag
Caveats
  • Supply blocks, unpowered buildings, or Contaminate may cause inaccurate times.
  • Supply counts are checked every 10 seconds.